 Dungeon Crawl Stone Soup version 0.25-a0-610-gd0df705f03 (webtiles) character file.

Game seed: 6301751119329939186, levelgen mode: deterministic

2242 n0claF the Archer (level 9, -4/70 HPs)
             Began as a Human Hunter on Mar 16, 2020.
             Was a Follower of Trog.
             Killed from afar by an electric eel (10 damage)
             ... with a bolt of electricity
             ... on level 6 of the Dungeon.
             The game lasted 00:22:28 (7200 turns).

n0claF the Archer (Human Hunter)                    Turns: 7200, Time: 00:22:29

Health: -4/70      AC:  5    Str: 14    XL:     9   Next: 63%
Magic:  9/9        EV: 12    Int: 13    God:    Trog [*.....]
Gold:   197        SH:  0    Dex: 14    Spells: 8/8 levels left

rFire    + . .     SeeInvis .   a - +2 shortbow
rCold    . . .     Gourm    .   (shield currently unavailable)
rNeg     . . .     Faith    .   C - +0 leather armour {rF+}
rPois    .         Spirit   .   (no helmet)
rElec    .         Reflect  .   H - +0 cloak
rCorr    .         Harm     .   (no gloves)
MR       .....                  i - +0 pair of boots
Stlth    +++.......             (no amulet)
HPRegen  0.21/turn              (no ring)
MPRegen  0.11/turn              (no ring)

@: mighty, lethally poisoned (-4 -> -9)
A: no striking features
a: Berserk, Renounce Religion


You were on level 6 of the Dungeon.
You worshipped Trog.
Trog was aware of your devotion.
You were not hungry.

You visited 1 branch of the dungeon, and saw 6 of its levels.

You collected 197 gold pieces.

Inventory:

Hand Weapons
 a - a +2 shortbow (weapon)
 b - a +2 quarterstaff of chaos
   (You took it off Crazy Yiuf on level 4 of the Dungeon)
 d - a +2 short sword of speed
   (You took it off a kobold on level 2 of the Dungeon)
 I - a +1 flail of protection
   (You took it off Edmund on level 5 of the Dungeon)
Missiles
 g - 42 arrows (quivered)
Armour
 i - a +0 pair of boots (worn)
   (You found it on level 1 of the Dungeon)
 j - a +0 kite shield
   (You found it on level 1 of the Dungeon)
 C - a +0 leather armour of fire resistance (worn)
   (You took it off an orc on level 5 of the Dungeon)
 H - a +0 cloak (worn)
   (You took it off Crazy Yiuf on level 4 of the Dungeon)
Wands
 c - a wand of disintegration (18) {!d}
   (You found it on level 3 of the Dungeon)
 v - a wand of digging (2)
   (You took it off Dowan on level 5 of the Dungeon)
Scrolls
 h - a scroll of teleportation {@r4}
 m - a scroll of fear
 q - 2 scrolls of remove curse {@r2}
 u - a scroll of enchant armour {unknown}
 w - a scroll of immolation {!r}
 z - 2 scrolls of magic mapping
 A - a scroll of enchant weapon
 F - a scroll of random uselessness {unknown}
Potions
 l - 3 potions of heal wounds {unknown}
 n - a potion of ambrosia {unknown}
 o - 2 potions of haste {unknown}
 p - a potion of resistance {unknown}
 r - a potion of brilliance {unknown}
 s - 2 potions of degeneration {unknown}
 x - a potion of magic {unknown}
 B - a potion of lignification {unknown}
 E - a potion of mutation {unknown}
Comestibles
 e - 8 rations {!d}
 G - 8 chunks of flesh


   Skills:
 + Level 6.3 Fighting
 * Level 9.5 Bows
 - Level 2.0 Dodging
 + Level 6.6 Stealth


You had 8 spell levels left.
You didn't know any spells.
Your spell library was empty.

Dungeon Overview and Level Annotations

Branches:
Dungeon (6/15)             Temple (0/1) D:6

Altars:
Gozag
Sif Muna
Trog
Yredelemnul

Shops:
D:6 [


Message History

You feel sick. The water moccasin bites you. The water moccasin bites you.
You feel sick.
The electric eel shoots out a bolt of lightning at you!
The bolt of electricity hits the plant.
The bolt of electricity hits you.
The water moccasin bites you but does no damage.
Firing (i - inventory)
g - 48 arrows (quivered)
Aim: a water moccasin You shoot an arrow.
The arrow hits the water moccasin!
The water moccasin misses you.
Firing (i - inventory)
g - 47 arrows (quivered)
Aim: a water moccasin (heavily wounded)
You shoot an arrow.
The arrow barely misses the water moccasin.
You feel sick. The water moccasin bites you.
* * * LOW HITPOINT WARNING * * *
Firing (i - inventory)
g - 46 arrows (quivered)
Aim: a water moccasin (heavily wounded)
You shoot an arrow. The arrow hits the water moccasin.
The water moccasin barely misses you.
Firing (i - inventory)
g - 45 arrows (quivered)
Aim: a water moccasin (heavily wounded)
You shoot an arrow. The arrow hits the water moccasin!
The water moccasin bites you.
* * * LOW HITPOINT WARNING * * *
The electric eel shoots out a bolt of lightning at you!
The bolt of electricity hits you!
* * * LOW HITPOINT WARNING * * *
Okay, then.
You feel better. The water moccasin barely misses you.
The water moccasin closely misses you.
You feel very mighty all of a sudden. The water moccasin misses you.
Firing (i - inventory)
g - 44 arrows (quivered)
Aim: a water moccasin (severely wounded)
You shoot an arrow. The arrow hits the water moccasin.
The water moccasin bites you.
* * * LOW HITPOINT WARNING * * *
You are poisoned.
The water moccasin poisons you!
Firing (i - inventory)
g - 43 arrows (quivered)
Aim: a water moccasin (almost dead)
You shoot an arrow.
The arrow hits the water moccasin but does no damage.
You feel sick. The water moccasin closely misses you.
The electric eel shoots out a bolt of lightning at you!
The bolt of electricity hits you!
* * * LOW HITPOINT WARNING * * *
The bolt of electricity hits you!
You die...

♣≈≈≈≈≈≈≈≈PP≈♣
♣≈P≈≈≈≈≈≈≈≈≈♣
.P≈≈≈≈≈≈≈PP≈# ######
.≈≈P(P≈≈P≈P≈# #.....
.PP≈P≈≈≈≈≈≈≈# #.####
.≈PP≈P≈≈≈P≈P# #.#
.P≈≈≈≈≈;≈≈≈P#######.#
.P≈.PP.@S.(≈(.(.†...#
#
.............##.#####
# .........$...##.# #
...#.######.###.# #
.. #.# #.....# # .
#<#### #####.# #
#....# #.# #
[......##.# #.# #
#.####.##.# #


You could see a water moccasin and an electric eel.

Vanquished Creatures
  Sigmund (D:2)
  Edmund (D:5)
  Duvessa (D:5)
  An ice beast (D:5)
  A phantom (D:5)
  2 centaurs (D:5)
  An eye of draining (D:5)
  4 ogres
  Blork the orc (D:5)
  A bullfrog (D:3)
  Dowan (D:5)
  3 scorpions
  An electric eel (D:6)
  A crimson imp (D:5)
  4 hounds
  2 centaur zombies
  2 orc wizards
  Crazy Yiuf (D:4)
  2 orc priests
  A bullfrog skeleton (D:4)
  5 worker ants
  A howler monkey skeleton (D:4)
  8 adders
  5 shadow imps
  An adder skeleton (D:4)
  A worm (D:2)
  A dart slug (D:1)
  5 leopard geckos
  19 orcs
  5 bats
  9 giant cockroaches
  7 goblins
  4 hobgoblins
  3 jackals (D:3)
  4 quokkas
  5 frilled lizards
  8 kobolds
  A leopard gecko skeleton (D:4)
  A leopard gecko zombie (D:6)
  3 rats
  A spectral orc (D:6)
129 creatures vanquished.

Vanquished Creatures (others)
  A plant (D:6)
1 creature vanquished.

Grand Total: 130 creatures vanquished

Notes
Turn   | Place    | Note
-------+----------+-------------------------------------------
     0 | D:1      | n0claF the Human Hunter began the quest for the Orb.
     0 | D:1      | Reached XP level 1. HP: 16/16 MP: 1/1
    89 | D:1      | Reached XP level 2. HP: 19/22 MP: 2/2
   587 | D:2      | Reached XP level 3. HP: 28/28 MP: 3/3
   807 | D:2      | Noticed Sigmund
  1250 | D:2      | Reached XP level 4. HP: 33/34 MP: 4/4
  1664 | D:3      | Noticed a bullfrog
  1671 | D:3      | Killed a bullfrog
  1671 | D:3      | Reached skill level 5 in Bows
  1671 | D:3      | Reached XP level 5. HP: 32/41 MP: 5/5
  2420 | D:3      | Found a faded altar of an unknown god.
  2420 | D:3      | Noticed an ogre
  2678 | D:3      | Killed an ogre
  2678 | D:3      | Reached XP level 6. HP: 36/47 MP: 6/6
  2770 | D:2      | Killed Sigmund
  2770 | D:2      | Reached skill level 6 in Bows
  2770 | D:2      | Reached XP level 7. HP: 31/53 MP: 7/7
  3187 | D:4      | Reached skill level 7 in Bows
  3213 | D:5      | Entered Level 5 of the Dungeon
  3268 | D:5      | Reached XP level 8. HP: 39/61 MP: 8/8
  3268 | D:5      | Noticed Edmund
  3958 | D:5      | Killed Edmund
  3958 | D:5      | Reached skill level 5 in Stealth
  4180 | D:5      | Reached skill level 5 in Fighting
  4253 | D:5      | Noticed Duvessa
  4260 | D:5      | Noticed Dowan
  4275 | D:5      | Killed Duvessa
  4275 | D:5      | Reached skill level 8 in Bows
  4277 | D:5      | Killed Dowan
  4755 | D:5      | Reached XP level 9. HP: 48/68 MP: 9/9
  5024 | D:5      | Found a bloodstained altar of Trog.
  5100 | D:5      | Found an opulent altar of Gozag.
  5233 | D:5      | Found a shimmering blue altar of Sif Muna.
  5429 | D:5      | Noticed Blork the orc
  5444 | D:5      | Killed Blork the orc
  5444 | D:5      | Reached skill level 9 in Bows
  5742 | D:5      | Became a worshipper of Trog the Wrathful
  5900 | D:4      | Found a runed translucent door.
  5901 | D:4      | Noticed Crazy Yiuf
  6759 | D:4      | Killed Crazy Yiuf
  6990 | D:6      | Found a staircase to the Ecumenical Temple.
  7026 | D:6      | Found a basalt altar of Yredelemnul.
  7058 | D:6      | Found Qaela's Antique Armour Shoppe.
  7164 | D:6      | Reached * piety under Trog
  7200 | D:6      | Killed from afar by an electric eel

Levels and vault maps discovered:
D:1:      mrwooster_arrival_arrow, layout_basic, minmay_crystal_room
D:2:      layout_loops_ring, uniq_sigmund
D:3:      layout_loops_cross, chequers_ecumenical_altar_simple_redux
D:4:      layout_basic, st_stairs_9, minmay_misc_feat_square,
          uniq_crazy_yiuf_cottage
D:5:      layout_basic, lemuel_crystal_altar, trog_eyes_of_draining,
          first_ration, tgw_sif, uniq_duvessa, uniq_edmund, uniq_blork_the_orc
D:6:      layout_loops_ring, yredelemnul_forgotten_temple_becter,
          lemuel_crystal_altar, temple_fountains, serial_shops,
          nicolae_shop_waterfront, serial_bayou, serial_bayou_shore_a,
          serial_bayou_lagoon_a, serial_bayou_ford_a, serial_bayou_pond_c

Skill      XL: |  1  2  3  4  5  6  7  8  9 |
---------------+----------------------------+-----
Stealth        | 2 3 4 5 6 |  6.6
Fighting       | 3 4 5 6 |  6.3
Bows           | 5 6 7 8 9 |  9.5
Dodging        | |  2.0

Action                   |  1- 3 |  4- 6 |  7- 9 || total
-------------------------+-------+-------+-------++-------
Melee: Short sword       |    97 |   100 |     5 ||   202
       Flail             |       |       |     5 ||     5
 Fire: Shortbow          |       |    20 |   385 ||   405
  Use: Potion            |       |     2 |     5 ||     7
       Scroll            |       |     7 |     1 ||     8
 Stab: Sleeping          |     4 |     4 |       ||     8
  Eat: Chunk             |     1 |     5 |    10 ||    16
       Ration            |       |       |     1 ||     1
Armor: Leather armour    |    21 |    33 |    25 ||    79
Dodge: Dodged            |    40 |    37 |    91 ||   168
Block: Kite shield       |    32 |    24 |       ||    56

Table legend:
 A = Non-vault XP
 B = Vault XP
 C = Vault XP percentage of total XP
 D = Non-vault monster count
 E = Vault monster count
 F = Vault count percentage of total count
                 A         B        C        D         E       F
            +---------+---------+-------+---------+---------+-------
      Total |    2284 |     919 |  28.7 |     117 |      12 |   9.3
            +---------+---------+-------+---------+---------+-------
        D:1 |      26 |       0 |   0.0 |      14 |       0 |   0.0
        D:2 |      52 |     220 |  80.9 |      15 |       1 |   6.2
        D:3 |     304 |       0 |   0.0 |      24 |       0 |   0.0
        D:4 |     640 |      56 |   8.0 |      25 |       2 |   7.4
        D:5 |     994 |     642 |  39.2 |      27 |       8 |  22.9
        D:6 |     268 |       1 |   0.4 |      12 |       1 |   7.7
            +---------+---------+-------+---------+---------+-------
